ORI
UNIVERSITY OF VIRGINIA CAVALIERS @ CALIFORNIA STATE UNIVERSITY AT FULLERTON TITANS
12/15/2045
 
TOP OF THE 1ST
University of Virginia Cavaliers batting - Pitching for California State University at Fullerton Titans : LHP Bobby Manning
Pitching: LHP Bobby Manning
Batting: RHB Alistair Holmes 0-0: Ground out 1-3 (Groundball, 13, EV 72.5 MPH)
Batting: RHB Randy Barry 0-0: Called Strike
0-1: Ball
1-1: Swinging Strike
1-2: Ball
2-2: Foul Ball, location: 2F
2-2: Strikes out swinging
Batting: RHB Eric McClelland 0-0: Ball
1-0: Foul Ball, location: 2F
1-1: SINGLE (Groundball, 6D, EV 101.2 MPH)
Batting: RHB Luis Nino 0-0: Ball
1-0: Ball
2-0: Fly out, F8 (Flyball, 8LXD, EV 97.5 MPH)
Top of the 1st over - 0 runs, 1 hit, 0 errors, 1 left on base; University of Virginia 0 - California State University at Fullerton 0
BOTTOM OF THE 1ST
California State University at Fullerton Titans batting - Pitching for University of Virginia Cavaliers : RHP Ki-tae Lee
Pitching: RHP Ki-tae Lee
Batting: RHB Ryan Watkins 0-0: Ball
1-0: Ball
2-0: SINGLE (Groundball, 6MD, EV 96.9 MPH)
Batting: SHB Macho Baez 0-0: Ball
1-0: SINGLE (Flyball, 6MD, EV 96.9 MPH)
Ryan Watkins to second
Batting: RHB Roman Lauder 0-0: Ball
1-0: Ball
2-0: SINGLE (Groundball, 6MD, EV 102.5 MPH)
Ryan Watkins to third
Macho Baez to second
Batting: LHB Freddy Monge 0-0: Fly out, F4 (Popup, 34D, EV 53.1 MPH)
Batting: RHB Matt Martin 0-0: Called Strike
0-1: Fly out, F9 (Line Drive, 89M, EV 89.4 MPH)
Runner from 3rd tags up, SCORES, throw by RF
Macho Baez to third
Batting: LHB Carlos Guadarrama 0-0: Called Strike
0-1: Called Strike
0-2: Ball
1-2: Foul Ball, location: 2F
1-2: Ball
2-2: Fly out, F8 (Flyball, 89D, EV 105.6 MPH)
Bottom of the 1st over - 1 run, 3 hits, 0 errors, 2 left on base; University of Virginia 0 - California State University at Fullerton 1
TOP OF THE 2ND
University of Virginia Cavaliers batting - Pitching for California State University at Fullerton Titans : LHP Bobby Manning
Batting: SHB Rich Roberts 0-0: Ball
1-0: Ball
2-0: Foul Ball, location: 2F
2-1: SINGLE (Groundball, 56S, EV 76.9 MPH) (infield hit)
Batting: RHB Rafael Galicia 0-0: Ball
1-0: Ball
2-0: Ball
Passed Ball!
Rich Roberts to second
3-0: Called Strike
3-1: Base on Balls
Batting: RHB Mario Morales 0-0: Ball
1-0: Fielders Choice at 2nd, 6-4 (Groundball, 6, EV 86.2 MPH)
Rich Roberts to third
Batting: RHB Carlos Castillo 0-0: Ball
1-0: Ball
2-0: Foul Ball, location: 2F
2-1: SINGLE (Groundball, 4M, EV 94.4 MPH)
Rich Roberts scores
Mario Morales to second
Batting: RHB Shing Mah 0-0: Ball
1-0: Foul Ball, location: 2F
1-1: Grounds into double play, 6-4-3 (Groundball, 6S, EV 89.4 MPH)
Top of the 2nd over - 1 run, 2 hits, 0 errors, 1 left on base; University of Virginia 1 - California State University at Fullerton 1
BOTTOM OF THE 2ND
California State University at Fullerton Titans batting - Pitching for University of Virginia Cavaliers : RHP Ki-tae Lee
Batting: RHB Panam Palmer 0-0: Ground out 4-3 (Groundball, 4, EV 99.4 MPH)
Batting: RHB Matt Wicker 0-0: Called Strike
0-1: Swinging Strike
0-2: Ball
1-2: Strikes out swinging
Batting: LHB Francisco Mendoza 0-0: SINGLE (Line Drive, 3D, EV 95.0 MPH)
Batting: RHB Ryan Watkins 0-0: Ball
1-0: Fielders Choice at 2nd, 5-4 (Groundball, 56, EV 88.8 MPH)
Bottom of the 2nd over - 0 runs, 1 hit, 0 errors, 1 left on base; University of Virginia 1 - California State University at Fullerton 1
TOP OF THE 3RD
University of Virginia Cavaliers batting - Pitching for California State University at Fullerton Titans : LHP Bobby Manning
Batting: RHB Alistair Holmes 0-0: Swinging Strike
0-1: Ball
1-1: Ball
2-1: Called Strike
2-2: Ball
3-2: Base on Balls
Batting: RHB Randy Barry 0-0: Foul Ball, location: 2F
0-1: Ball
1-1: SINGLE (Line Drive, 6MD, EV 98.8 MPH)
Alistair Holmes to second
Batting: RHB Eric McClelland 0-0: Ball
1-0: Ball
2-0: Fielders Choice at 2nd, 6-4 (Groundball, 6, EV 103.8 MPH)
Alistair Holmes to third
Batting: RHB Luis Nino 0-0: Called Strike
0-1: Foul Ball, location: 2F
0-2: SINGLE (Groundball, 56S, EV 69.4 MPH) (infield hit)
Alistair Holmes scores
Eric McClelland to second
Batting: SHB Rich Roberts 0-0: Called Strike
0-1: Ball
1-1: Fielders Choice at 2nd, 3-6 (Groundball, 34S, EV 85.0 MPH)
Eric McClelland to third
Batting: RHB Rafael Galicia 0-0: Ball
1-0: Swinging Strike
1-1: Ball
2-1: Fly out, F8 (Flyball, 8LD, EV 106.2 MPH)
Top of the 3rd over - 1 run, 2 hits, 0 errors, 2 left on base; University of Virginia 2 - California State University at Fullerton 1
BOTTOM OF THE 3RD
California State University at Fullerton Titans batting - Pitching for University of Virginia Cavaliers : RHP Ki-tae Lee
Batting: SHB Macho Baez 0-0: Ball
1-0: Swinging Strike
1-1: Foul Ball, location: 2F
1-2: Foul Ball, location: 2F
1-2: Ball
2-2: Ball
3-2: Fly out, F9 (Line Drive, 9, EV 93.8 MPH)
Batting: RHB Roman Lauder 0-0: Foul Ball, location: 2F
0-1: Ball
1-1: SINGLE (Groundball, 4S, EV 69.4 MPH) (infield hit)
Batting: LHB Freddy Monge 0-0: Ball
1-0: Called Strike
1-1: Fielders Choice at 2nd, 6-4 (Groundball, 6, EV 83.8 MPH)
Batting: RHB Matt Martin 0-0: Ball
1-0: Ground out 4-3 (Groundball, 4, EV 107.5 MPH)
Bottom of the 3rd over - 0 runs, 1 hit, 0 errors, 1 left on base; University of Virginia 2 - California State University at Fullerton 1
TOP OF THE 4TH
University of Virginia Cavaliers batting - Pitching for California State University at Fullerton Titans : LHP Bobby Manning
Batting: RHB Mario Morales 0-0: Reached on error, E6 (Groundball, 6, EV 106.2 MPH)
Batting: RHB Carlos Castillo 0-0: Called Strike
0-1: Foul Ball, location: 2F
0-2: Foul Ball, location: 2F
0-2: Ball
1-2: Foul Ball, location: 2F
1-2: Ball
2-2: Foul Ball, location: 2F
2-2: Strikes out swinging
Batting: RHB Shing Mah 0-0: Fly out, F3 (Popup, 3S, EV 75.0 MPH)
Batting: RHB Alistair Holmes 0-0: Ball
1-0: Ball
Wild Pitch!
Mario Morales to third
2-0: Called Strike
2-1: Ball
3-1: Called Strike
3-2: Base on Balls
Batting: RHB Randy Barry 0-0: Ball
1-0: Ball
2-0: Ball
3-0: Base on Balls
Alistair Holmes to second
Batting: RHB Eric McClelland 0-0: Foul Ball, location: 2F
0-1: Ball
1-1: Ball
2-1: Ball
3-1: Base on Balls
Mario Morales scores
Alistair Holmes to third
Randy Barry to second
Batting: RHB Luis Nino 0-0: Fly out, F8 (Flyball, 8RD, EV 107.5 MPH)
Top of the 4th over - 1 run, 0 hits, 1 error, 3 left on base; University of Virginia 3 - California State University at Fullerton 1
BOTTOM OF THE 4TH
California State University at Fullerton Titans batting - Pitching for University of Virginia Cavaliers : RHP Ki-tae Lee
Batting: LHB Carlos Guadarrama 0-0: Ball
1-0: Ball
2-0: Foul Ball, location: 2F
2-1: Fly out, F9 (Flyball, 89D, EV 83.8 MPH)
Batting: RHB Panam Palmer 0-0: SINGLE (Groundball, 6S, EV 70.6 MPH) (infield hit)
Batting: RHB Matt Wicker 0-0: Called Strike
0-1: Ball
1-1: Ball
2-1: Foul Ball, location: 2F
2-2: Grounds into double play, 5-4-3 (Groundball, 56S, EV 95.0 MPH)
Bottom of the 4th over - 0 runs, 1 hit, 0 errors, 0 left on base; University of Virginia 3 - California State University at Fullerton 1
TOP OF THE 5TH
University of Virginia Cavaliers batting - Pitching for California State University at Fullerton Titans : LHP Bobby Manning
Batting: SHB Rich Roberts 0-0: Fly out, F8 (Flyball, 8LD, EV 101.2 MPH)
Batting: RHB Rafael Galicia 0-0: Foul Ball, location: 2F
0-1: Foul Ball, location: 2F
0-2: SINGLE (Groundball, 56, EV 101.9 MPH)
Batting: RHB Mario Morales 0-0: Ball
1-0: Foul Ball, location: 2F
1-1: SINGLE (Groundball, 6D, EV 103.8 MPH)
Rafael Galicia to second
Batting: RHB Carlos Castillo 0-0: Called Strike
0-1: Swinging Strike
0-2: Ball
1-2: Strikes out swinging
Batting: RHB Shing Mah 0-0: Ball
1-0: Hit by Pitch
Rafael Galicia to third
Mario Morales to second
Pitching: RHP Justin Swanson
Batting: RHB Alistair Holmes 0-0: Ball
1-0: Called Strike
1-1: Ball
2-1: SINGLE (Line Drive, 89S, EV 98.1 MPH)
Rafael Galicia scores
Mario Morales to third
Shing Mah to second
Batting: RHB Randy Barry 0-0: Ball
1-0: Ball
2-0: Ball
3-0: Base on Balls
Mario Morales scores
Shing Mah to third
Alistair Holmes to second
Batting: RHB Eric McClelland 0-0: Ball
1-0: Called Strike
1-1: Called Strike
1-2: Foul Ball, location: 2F
1-2: SINGLE (Groundball, 6MD, EV 97.5 MPH)
Shing Mah scores
Alistair Holmes to third
Randy Barry to second
Runner from 3rd tries for Home, SAFE, throw by CF to home
Batting: RHB Luis Nino 0-0: Foul Ball, location: 2F
0-1: Reached on error, E6 (Groundball, 6, EV 107.5 MPH)
Randy Barry to third
Eric McClelland to second
Batting: SHB Rich Roberts 0-0: Swinging Strike
0-1: Ball
1-1: Foul Ball, location: 2F
1-2: Strikes out looking
Top of the 5th over - 4 runs, 4 hits, 1 error, 3 left on base; University of Virginia 7 - California State University at Fullerton 1
BOTTOM OF THE 5TH
California State University at Fullerton Titans batting - Pitching for University of Virginia Cavaliers : RHP Ki-tae Lee
Batting: LHB Francisco Mendoza 0-0: Ball
1-0: SINGLE (Flyball, 78S, EV 91.9 MPH)
Batting: RHB Ryan Watkins 0-0: Bunt missed!
0-1: Ball
1-1: Bunt missed!
1-2: Bunt missed, Strikeout!
Batting: SHB Macho Baez 0-0: Ball
1-0: Called Strike
1-1: Ball
2-1: Ball
3-1: Base on Balls
Francisco Mendoza to second
Batting: RHB Roman Lauder 0-0: Ball
1-0: SINGLE (Flyball, 89S, EV 90.6 MPH)
Francisco Mendoza to third
Macho Baez to second
Batting: LHB Freddy Monge 0-0: Ball
1-0: SINGLE (Groundball, 6MD, EV 97.5 MPH)
Francisco Mendoza scores
Macho Baez to third
Roman Lauder to second
Runner from 3rd tries for Home, throw by CF and OUT! 8-2
Roman Lauder to third
Freddy Monge to second
Now in CF: Sincere Buckner
Batting: RHB Matt Martin 0-0: Called Strike
0-1: Foul Ball, location: 2F
0-2: Ball
1-2: Fly out, F8 (Flyball, 78M, EV 91.9 MPH)
Bottom of the 5th over - 1 run, 3 hits, 0 errors, 2 left on base; University of Virginia 7 - California State University at Fullerton 2
TOP OF THE 6TH
University of Virginia Cavaliers batting - Pitching for California State University at Fullerton Titans : RHP Justin Swanson
Batting: RHB Rafael Galicia 0-0: Ball
1-0: Ball
2-0: Foul Ball, location: 2F
2-1: Foul Ball, location: 2F
2-2: Strikes out swinging
Batting: RHB Mario Morales 0-0: Ball
1-0: Ball
2-0: Called Strike
2-1: Ball
3-1: Base on Balls
Batting: RHB Carlos Castillo 0-0: Foul Ball, location: 2F
0-1: Swinging Strike
0-2: Ball
1-2: DOUBLE (Line Drive, 8RD, EV 110.6 MPH)
Mario Morales to third
Batting: RHB Shing Mah 0-0: Ball
1-0: Ball
2-0: Ball
3-0: Called Strike
3-1: Base on Balls
Batting: RHB Sincere Buckner 0-0: Ball
1-0: Swinging Strike
1-1: Foul Ball, location: 2F
1-2: Fielders Choice at 2nd, 5-4 (Groundball, 56, EV 106.2 MPH)
Mario Morales scores
Carlos Castillo to third
Batting: RHB Randy Barry 0-0: Ball
1-0: Called Strike
1-1: Ground out 4-3 (Groundball, 4, EV 85.0 MPH)
Top of the 6th over - 1 run, 1 hit, 0 errors, 2 left on base; University of Virginia 8 - California State University at Fullerton 2
BOTTOM OF THE 6TH
California State University at Fullerton Titans batting - Pitching for University of Virginia Cavaliers : RHP Ki-tae Lee
Batting: LHB Carlos Guadarrama 0-0: Called Strike
0-1: Ball
1-1: Called Strike
1-2: Fly out, F3 (Line Drive, 34, EV 66.9 MPH)
Batting: RHB Panam Palmer 0-0: Ball
1-0: Foul Ball, location: 2F
1-1: Swinging Strike
1-2: Strikes out swinging
Batting: RHB Matt Wicker 0-0: Swinging Strike
0-1: Foul Ball, location: 2F
0-2: Ball
1-2: Ground out 1-3 (Groundball, 34S, EV 66.9 MPH)
Bottom of the 6th over - 0 runs, 0 hits, 0 errors, 0 left on base; University of Virginia 8 - California State University at Fullerton 2
TOP OF THE 7TH
University of Virginia Cavaliers batting - Pitching for California State University at Fullerton Titans : RHP Justin Swanson
Batting: RHB Eric McClelland 0-0: Ball
1-0: Foul Ball, location: 2F
1-1: Foul Ball, location: 2F
1-2: Ground out 6-3 (Groundball, 6, EV 88.8 MPH)
Batting: RHB Luis Nino 0-0: Foul Ball, location: 2F
0-1: Ball
1-1: Ball
2-1: Ground out 1-3 (Groundball, P, EV 70.0 MPH)
Batting: SHB Rich Roberts 0-0: SINGLE (Groundball, 6MD, EV 100.0 MPH)
Batting: RHB Rafael Galicia 0-0: Swinging Strike
0-1: Foul Ball, location: 2F
0-2: Ball
1-2: SINGLE (Line Drive, 89S, EV 106.2 MPH)
Rich Roberts to second
Batting: RHB Mario Morales 0-0: Foul Ball, location: 2F
0-1: Ball
1-1: Ground out 6-3 (Groundball, 6M, EV 100.0 MPH)
Top of the 7th over - 0 runs, 2 hits, 0 errors, 2 left on base; University of Virginia 8 - California State University at Fullerton 2
BOTTOM OF THE 7TH
California State University at Fullerton Titans batting - Pitching for University of Virginia Cavaliers : RHP Ki-tae Lee
Pitching: RHP Dusty Haberstroh
Batting: LHB Francisco Mendoza 0-0: Ball
1-0: SINGLE (Line Drive, 4D, EV 111.2 MPH)
Batting: RHB Ryan Watkins 0-0: Sac Bunt to 3S - play at first, batter OUT! 3-4
Francisco Mendoza to second
Batting: SHB Macho Baez 0-0: Ball
1-0: Ball
2-0: Ball
3-0: Base on Balls
Batting: RHB Roman Lauder 0-0: Swinging Strike
0-1: Called Strike
0-2: Foul Ball, location: 2F
0-2: Ball
1-2: Ball
2-2: Foul Ball, location: 2F
2-2: Fly out, F8 (Flyball, 8RM, EV 75.6 MPH)
Batting: LHB Freddy Monge 0-0: Ball
1-0: Called Strike
1-1: Reached on error, E6 (Groundball, 6, EV 80.0 MPH)
Francisco Mendoza to third
Macho Baez to second
Batting: RHB Matt Martin 0-0: Called Strike
0-1: Fielders Choice at 2nd, 5-4 (Groundball, 56, EV 88.8 MPH)
Bottom of the 7th over - 0 runs, 1 hit, 1 error, 3 left on base; University of Virginia 8 - California State University at Fullerton 2
TOP OF THE 8TH
University of Virginia Cavaliers batting - Pitching for California State University at Fullerton Titans : RHP Justin Swanson
Pitching: RHP Sandro Fibonacci
Batting: RHB Carlos Castillo 0-0: Ball
1-0: Foul Ball, location: 2F
1-1: Ball
2-1: Fly out, F6 (Line Drive, 6MD, EV 70.6 MPH)
Batting: RHB Shing Mah 0-0: Ball
1-0: Ball
2-0: Swinging Strike
2-1: SINGLE (Groundball, 56D, EV 105.0 MPH)
Batting: RHB Sincere Buckner 0-0: Called Strike
0-1: Called Strike
0-2: Fly out, F7 (Flyball, 7, EV 87.5 MPH)
Batting: RHB Randy Barry 0-0: Ball
1-0: Reached on error, E7 (Flyball, 7D, EV 103.8 MPH)
Shing Mah to third
Batting: RHB Eric McClelland 0-0: Swinging Strike
0-1: Ball
1-1: Swinging Strike
1-2: Ball
2-2: Reached on error, E6 (Groundball, 6, EV 83.1 MPH)
Shing Mah scores
Randy Barry scores
Batting: RHB Luis Nino 0-0: Called Strike
0-1: Foul Ball, location: 2F
0-2: Foul Ball, location: 2F
0-2: Ball
1-2: Reached on error, E6 (Groundball, 6S, EV 82.5 MPH)
Eric McClelland to third
Batting: SHB Rich Roberts 0-0: Ground out 4-3 (Groundball, 4MS, EV 72.5 MPH)
Top of the 8th over - 2 runs, 1 hit, 3 errors, 2 left on base; University of Virginia 10 - California State University at Fullerton 2
BOTTOM OF THE 8TH
California State University at Fullerton Titans batting - Pitching for University of Virginia Cavaliers : RHP Dusty Haberstroh
Batting: LHB Carlos Guadarrama 0-0: SINGLE (Groundball, 56S, EV 69.4 MPH) (infield hit)
Batting: RHB Panam Palmer 0-0: Called Strike
0-1: Ball
1-1: SINGLE (Line Drive, 3L, EV 97.5 MPH)
Carlos Guadarrama to second
Batting: RHB Matt Wicker 0-0: Bunt missed!
0-1: Bunt missed!
0-2: Bunted foul, Strikeout!
Batting: LHB Francisco Mendoza 0-0: Bunted foul
0-1: Sac Bunt to 23 - play at first, batter OUT! 3-4
Carlos Guadarrama to third
Panam Palmer to second
Batting: RHB Ryan Watkins 0-0: Ground out 4-3 (Groundball, 4, EV 81.9 MPH)
Bottom of the 8th over - 0 runs, 2 hits, 0 errors, 2 left on base; University of Virginia 10 - California State University at Fullerton 2
TOP OF THE 9TH
University of Virginia Cavaliers batting - Pitching for California State University at Fullerton Titans : RHP Sandro Fibonacci
Pinch Hitting: LHB Iestyn Brook 0-0: Ball
1-0: Ball
2-0: Called Strike
2-1: Swinging Strike
2-2: Ball
3-2: Base on Balls
Batting: RHB Mario Morales 0-0: Ball
1-0: Called Strike
1-1: Foul Ball, location: 2F
1-2: Ball
2-2: Ball
3-2: Strikes out swinging
Pinch Hitting: LHB Tim Wood 0-0: Ball
1-0: Ball
2-0: Ball
3-0: Foul Ball, location: 2F
3-1: Called Strike
3-2: Foul Ball, location: 2F
3-2: Foul Ball, location: 2F
3-2: Strikes out swinging
Iestyn Brook is caught stealing 2nd base 2-6
Batter strikes out.
Top of the 9th over - 0 runs, 0 hits, 0 errors, 0 left on base; University of Virginia 10 - California State University at Fullerton 2
BOTTOM OF THE 9TH
California State University at Fullerton Titans batting - Pitching for University of Virginia Cavaliers : RHP Dusty Haberstroh
Now at 1B: Armando Guerra
Now at 3B: Zachery Loomis
Batting: SHB Macho Baez 0-0: Called Strike
0-1: SINGLE (Groundball, 34D, EV 95.6 MPH)
Batting: RHB Roman Lauder 0-0: Fly out, F8 (Flyball, 8RD, EV 106.9 MPH)
Batting: LHB Freddy Monge 0-0: SINGLE (Groundball, 3, EV 95.0 MPH)
Macho Baez to second
Batting: RHB Matt Martin 0-0: Ball
1-0: Called Strike
1-1: Swinging Strike
1-2: Ball
2-2: Strikes out looking
Batting: LHB Carlos Guadarrama 0-0: Called Strike
0-1: Swinging Strike
0-2: Strikes out swinging
Bottom of the 9th over - 0 runs, 2 hits, 0 errors, 2 left on base; University of Virginia 10 - California State University at Fullerton 2
Wednesday, June 22nd , 2022 - OOTP Baseball 23.4 Build 64